 Dungeon Crawl Stone Soup version 0.27-a0-965-gbf8bb431c4 (webtiles) character file.

Game seed: 4269962294303579855

22168 wilfster70 the Thaumaturge (level 12, -6/91 HPs)
             Began as a Djinni Ice Elementalist on Apr 12, 2021.
             Was a High Priest of Dithmenos.
             Mangled by a seven-headed hydra (8 damage)
             ... on level 5 of the Lair of Beasts.
             The game lasted 00:57:31 (22622 turns).

wilfster70 the Thaumaturge (DjIE)                  Turns: 22622, Time: 00:57:31

Health: -6/91      AC: 17    Str:  7    XL:     12   Next: 97%
Gold:   424        EV: 13    Int: 25    God:    Dithmenos [*****.] SH:  6 Dex: 14

rFire    + + +     SeeInvis .   x - +1 hand axe (flame)
rCold    . . .     Faith    .   y - +1 buckler {reflect}
rNeg     . . .     Spirit   .   B - +2 robe {rC+ rF+}
rPois    ∞         Reflect  +   q - +1 helmet {Int+3}
rElec    .         Harm     .   d - +0 cloak {rPois}
rCorr    .         Rampage  .   t - +0 pair of gloves
Will     +....                  (boots unavailable)
Stlth    +++.......             m - amulet of regeneration
HPRegen  1.25/turn              (no ring)
MPRegen  0.00/turn              (no ring)

@: ice-armoured, freezing walls, flying, wreathed by umbra
A: fire resistance 2, cold vulnerability 1, float, innate caster, hp casting,
extra vitality 1
a: Renounce Religion, Shadow Step, Shadow Form


You were on level 5 of the Lair of Beasts.
You worshipped Dithmenos.
Dithmenos was extremely pleased with you.
You visited 2 branches of the dungeon, and saw 14 of its levels.

You collected 868 gold pieces.
You spent 444 gold pieces at shops.

Inventory:

Hand Weapons
 a - the +6 falchion "Cuackoddyotz" {antimagic, rC+ Dex-3 Stlth+}
   (You found it on level 9 of the Dungeon)

   It reduces the magical energy of the wielder, and disrupts the spells and
   magical abilities of those hit.
   Natural abilities and divine invocations are not affected.
   It affects your dexterity (-3).
   It protects you from cold.
   It makes you more stealthy.
 b - a +0 mace of venom
 x - a +1 hand axe of flaming (weapon)
Missiles
 g - 3 throwing nets
Armour
 d - a +0 cloak of poison resistance (worn)
 q - a +1 helmet of intelligence (worn)
 t - a +0 pair of gloves (worn)
 y - a +1 buckler of reflection (worn)
 B - a +2 robe of resistance (worn)
Jewellery
 m - an amulet of regeneration (around neck)
Wands
 h - a wand of flame (35)
 k - a wand of digging (7)
 v - a wand of polymorph (6)
Scrolls
 f - a scroll of blinking
 i - a scroll of summoning
 s - 2 scrolls of fog
 A - a scroll of enchant armour
Potions
 c - 8 potions of curing
 e - a potion of haste
 l - 3 potions of might
 n - 2 potions of cancellation {unknown}
 p - 2 potions of lignification
 u - 2 potions of mutation
 w - 2 potions of invisibility
 z - a potion of brilliance {unknown}
Miscellaneous
 o - a condenser vane


   Skills:
 + Level 9.9 Fighting
 * Level 9.6 Long Blades
 - Level 3.3 Dodging
 - Level 1.5 Stealth
 - Level 4.0 Shields
 + Level 10.7 Spellcasting
 - Level 8.2 Invocations
 + Level 3.8 Evocations


You had 4 spell levels left.
You knew the following spells:

 Your Spells              Type           Power      Damage    Failure   Level
a - Shock                 Conj/Air       100%       1d9       1%          1
b - Frozen Ramparts       Ice            100%       1d12      1%          3
c - Ozocubu's Armour      Ice            61%        N/A       1%          3
d - Hailstorm             Conj/Ice       61%        3d13      1%          4
e - Metabolic Englaciati  Hex/Ice        30%        N/A       1%          5
f - Freeze                Ice            100%       1d11      1%          1
g - Corpse Rot            Necr/Air       N/A        N/A       1%          2
h - Passwall              Tmut/Erth      50%        N/A       1%          2
i - Conjure Flame         Conj/Fire      61%        6-21      1%          3
j - Passage of Golubria   Tloc           N/A        N/A       1%          4
Your spell library was empty.

Dungeon Overview and Level Annotations

Branches:
Dungeon (9/15)             Temple (0/1) D:5            Lair (5/6) D:8
 Shoals (0/4) Lair:2        Snake (0/4) Lair:2
  Slime: Lair:5-6       Orc: D:9-12

Altars:
Ashenzari
Cheibriados
Dithmenos
Elyvilon
Fedhas
Makhleb
Nemelex Xobeh
Okawaru
Ru
The Shining One

Shops:
D:5 [   D:7 *

Annotations:
D:1 exclusion: gnoll
D:9 3 runed translucent doors, Gastronok; Iwannabefree's ghost, novice NaDe
Lair:1 2 transporters, Cias's ghost, journeyman GnFi


Innate Abilities, Weirdness & Mutations

You are immune to poison.
Your flesh is very heat resistant. (rF++)
You are vulnerable to cold. (rC-)
You float through the air rather than walking.
You learn spells naturally, not from books.
Your magical power is your life essence.
You have superior vitality. (+4 HP)


Message History

You block the seven-headed hydra's attack.
You hit the seven-headed hydra. You burn the seven-headed hydra.
The seven-headed hydra is moderately wounded.
The wall freezes the seven-headed hydra.
The seven-headed hydra barely misses you.
The seven-headed hydra closely misses you.
You block the seven-headed hydra's attack.
The seven-headed hydra closely misses you.
The seven-headed hydra bites you. The seven-headed hydra bites you!
The seven-headed hydra barely misses you.
A water moccasin comes into view.
The wall freezes the seven-headed hydra!
The seven-headed hydra completely misses you.
The seven-headed hydra barely misses you.
The seven-headed hydra bites you.
The seven-headed hydra bites you but does no damage.
The seven-headed hydra closely misses you.
The seven-headed hydra bites you! x2
You hit the seven-headed hydra but do no damage.
The seven-headed hydra is heavily wounded.
The wall freezes the seven-headed hydra.
The seven-headed hydra bites you but does no damage.
The seven-headed hydra bites you. The seven-headed hydra bites you!
* * * LOW HITPOINT WARNING * * *
The seven-headed hydra misses you. The seven-headed hydra bites you!
* * * LOW HITPOINT WARNING * * *
The seven-headed hydra barely misses you.
The seven-headed hydra closely misses you.
You hit the seven-headed hydra but do no damage.
The seven-headed hydra is heavily wounded.
The wall freezes the seven-headed hydra.
The seven-headed hydra barely misses you.
You block the seven-headed hydra's attack.
The seven-headed hydra closely misses you.
The seven-headed hydra bites you but does no damage.
The seven-headed hydra bites you!
* * * LOW HITPOINT WARNING * * *
The seven-headed hydra barely misses you.
The seven-headed hydra bites you!
You die...

................
...........(....
.............P..
...........(....
.......<....P.#
............##.
............#
.........D###
.....P...@##
.....S.....#
............#
....P$.....##
.....#....#.
....#.#..###.
...P....# ##
...... .....


You could see a seven-headed hydra and a water moccasin.

Vanquished Creatures
  Josephine (Lair:4)
  4 hydras
  Nergalle (Lair:1)
  Pikel (D:8)
  2 black mambas
  3 elephants (Lair:4)
  8 cane toads
  A gargoyle (D:6)
  A torpor snail (Lair:4)
  Maggie (Lair:2)
  5 komodo dragons
  A troll (D:5)
  4 blink frogs (Lair:2)
  A slime creature (Lair:1)
  6 wraiths
  6 wyverns
  16 yaks
  3 steam dragons
  9 water moccasins
  3 black bears
  An orc warrior (D:8)
  2 sky beasts (D:5)
  2 ice beasts
  A hornet zombie (D:8)
  3 necrophages
  2 ogres
  8 centaurs
  7 wolves
  A lemure (D:8)
  A phantom (D:6)
  2 kobold brigands
  13 bullfrogs
  2 gnoll sergeants
  2 water moccasin skeletons
  4 killer bees (D:8)
  5 wights (D:8)
  3 electric eels (Lair:2)
  A howler monkey (D:6)
  A crimson imp (D:5)
  7 jellies (Lair:1)
  An orc priest (D:5)
  A centaur zombie (D:5)
  A gnoll shaman (D:5)
  2 iguanas (D:5)
  Jessica (D:2)
  A centaur skeleton (D:7)
  4 orc wizards
  Terence (D:3)
  2 hound skeletons
  2 mummies
  A howler monkey zombie (D:7)
  12 adders
  18 gnolls
  A white imp (D:5)
  An ufetubus (D:6)
  4 worms
  2 dart slugs
  15 orcs
  10 ball pythons
  10 bats
  11 endoplasms
  4 giant cockroaches
  9 goblins
  7 hobgoblins
  4 jackals (D:3)
  5 quokkas
  2 frilled lizards (D:3)
  A hobgoblin zombie (D:4)
  16 kobolds
  A kobold zombie (D:4)
  2 orc zombies (D:4)
  4 rats
  A butterfly (Lair:4)
302 creatures vanquished.

Vanquished Creatures (collateral kills)
  An orc (D:8)
1 creature vanquished.

Vanquished Creatures (others)
  42 fungi
  43 plants
85 creatures vanquished.

Grand Total: 388 creatures vanquished

Notes
Turn   | Place    | Note
-------+----------+-------------------------------------------
     0 | D:1      | wilfster70 the Djinni Ice Elementalist began the quest for
                  | the Orb.
     0 | D:1      | Reached XP level 1. HP: 15/15 MP: 0/0
   283 | D:1      | Reached XP level 2. HP: 15/22 MP: 0/0
   868 | D:1      | Found a faded altar of an unknown god.
   921 | D:1      | Became a worshipper of Dithmenos the Shadowed
   921 | D:1      | Reached * piety under Dithmenos
  1284 | D:1      | Reached skill level 1 in Fighting
  1527 | D:1      | Reached skill level 4 in Spellcasting
  1587 | D:2      | Reached XP level 3. HP: 27/27 MP: 0/0
  1587 | D:2      | Learned a level 1 spell: Shock
  2189 | D:2      | Reached ** piety under Dithmenos
  2524 | D:2      | Noticed Terence
  2549 | D:2      | Noticed Jessica
  2557 | D:2      | Killed Jessica
  2558 | D:2      | Reached XP level 4. HP: 25/33 MP: 0/0
  3362 | D:3      | Killed Terence
  3363 | D:3      | Reached XP level 5. HP: 24/38 MP: 0/0
  3363 | D:3      | Learned a level 2 spell: Corpse Rot
  4483 | D:4      | Reached skill level 1 in Shields
  4596 | D:4      | Found a broken altar of Ashenzari.
  4678 | D:4      | Reached XP level 6. HP: 42/45 MP: 0/0
  4963 | D:4      | Reached skill level 5 in Spellcasting
  4963 | D:4      | Reached *** piety under Dithmenos
  6084 | D:5      | Entered Level 5 of the Dungeon
  6174 | D:5      | Found a sparkling altar of Nemelex Xobeh.
  6178 | D:5      | Found Zyophecw's Antique Armour Shop.
  6201 | D:5      | Reached XP level 7. HP: 46/50 MP: 0/0
  6201 | D:5      | Learned a level 2 spell: Passwall
  6532 | D:5      | Found an iron altar of Okawaru.
  7028 | D:5      | Found a staircase to the Ecumenical Temple.
  7071 | D:5      | Found a glowing golden altar of the Shining One.
  7113 | D:5      | Reached skill level 6 in Spellcasting
  7427 | D:5      | Reached skill level 1 in Invocations
  7427 | D:5      | Reached XP level 8. HP: 36/58 MP: 0/0
  8506 | D:5      | Noticed a troll
  8522 | D:5      | Killed a troll
  8522 | D:5      | Reached **** piety under Dithmenos
  9282 | D:5      | Bought a glowing helmet for 150 gold pieces
  9392 | D:6      | Reached skill level 7 in Spellcasting
  9771 | D:6      | Reached skill level 5 in Fighting
 10050 | D:6      | Found a sacrificial altar of Ru.
 10053 | D:6      | Noticed a gargoyle
 10063 | D:6      | Killed a gargoyle
 10064 | D:6      | Reached XP level 9. HP: 26/65 MP: 0/0
 10064 | D:6      | Learned a level 3 spell: Conjure Flame
 10517 | D:6      | Found a burning altar of Makhleb.
 11038 | D:7      | Reached skill level 8 in Spellcasting
 11087 | D:7      | Found Saubyen's General Store.
 11540 | D:7      | Found a white marble altar of Elyvilon.
 11655 | D:7      | Reached skill level 5 in Invocations
 12159 | D:8      | Reached XP level 10. HP: 43/73 MP: 0/0
 12299 | D:8      | Identified a scroll of acquirement
 12299 | D:8      | Acquired a +0 cloak of poison resistance
 12339 | D:8      | Reached skill level 1 in Long Blades
 12545 | D:8      | Reached skill level 9 in Spellcasting
 12723 | D:8      | Found a snail-covered altar of Cheibriados.
 12863 | D:8      | Found a staircase to the Lair.
 12921 | D:8      | Found a blossoming altar of Fedhas.
 13562 | D:9      | Noticed Pikel
 13578 | D:8      | Killed Pikel
 13813 | D:9      | Found a runed translucent gate.
 13813 | D:9      | Found a runed translucent gate.
 13813 | D:9      | Found a runed translucent gate.
 13817 | D:9      | Noticed Iwannabefree's ghost (novice NaDe)
 13818 | D:9      | Noticed an 11-headed hydra
 13819 | D:9      | Noticed a ten-headed hydra
 13840 | D:9      | Identified the +5 spear of Delicate Duty {speed, +Blink
                  | rPois rC- rN++}
 13892 | D:9      | Identified the +6 falchion "Cuackoddyotz" {antimagic, rC+
                  | Dex-3 Stlth+}
 14153 | D:9      | Noticed Gastronok
 14305 | Lair:1   | Entered Level 1 of the Lair of Beasts
 14579 | Lair:1   | Reached ***** piety under Dithmenos
 14580 | Lair:1   | Reached skill level 5 in Long Blades
 14580 | Lair:1   | Reached XP level 11. HP: 60/81 MP: 0/0
 14580 | Lair:1   | Learned a level 4 spell: Passage of Golubria
 14694 | Lair:1   | Found a transporter.
 14694 | Lair:1   | Noticed a moth of wrath
 14699 | Lair:1   | Found a transporter.
 14703 | Lair:1   | Noticed Cias's ghost (journeyman GnFi)
 14703 | Lair:1   | Noticed a moth of wrath
 14705 | Lair:1   | Noticed a five-headed hydra
 15157 | Lair:1   | Noticed a five-headed hydra
 16601 | Lair:1   | Noticed a seven-headed hydra
 16619 | Lair:1   | Killed a five-headed hydra
 17059 | Lair:1   | Noticed Nergalle
 17074 | Lair:1   | Killed Nergalle
 17371 | Lair:2   | Reached skill level 10 in Spellcasting
 17962 | Lair:2   | Reached XP level 12. HP: 86/88 MP: 0/0
 18033 | Lair:2   | Noticed Maggie
 18053 | Lair:2   | Killed Maggie
 18804 | Lair:2   | Found a staircase to the Snake Pit.
 18824 | Lair:2   | Found a staircase to the Shoals.
 19589 | Lair:3   | Noticed an eight-headed hydra
 19617 | Lair:3   | Killed a one-headed hydra
 20049 | Lair:3   | Reached skill level 1 in Evocations
 20515 | Lair:3   | Noticed a seven-headed hydra
 20540 | Lair:3   | Killed a five-headed hydra
 20854 | D:7      | Bought a +1 buckler of reflection for 189 gold pieces
 20854 | D:7      | Bought a scroll of enchant armour for 105 gold pieces
 21442 | Lair:4   | Noticed a seven-headed hydra
 21458 | Lair:4   | Killed a two-headed hydra
 22065 | Lair:4   | Noticed Josephine
 22120 | Lair:4   | Killed Josephine
 22255 | Lair:4   | Noticed a catoblepas
 22606 | Lair:5   | Noticed an eight-headed hydra
 22622 | Lair:5   | HP: 2/91 [seven-headed hydra (15)]
 22622 | Lair:5   | Mangled by a seven-headed hydra

Illustrated notes

Levels and vault maps discovered:
D:1:      eino_arrival_tree_alley, layout_basic,
          hellmonk_ecumenical_altar_prayer_group
D:2:      layout_basic, glass_columns_b, uniq_terence, uniq_jessica
D:3:      layout_loops_ring, serial_bayou_pond_b
D:4:      cheibrodos_old_hovel, layout_loops_cross, evilmike_ruin_ashenzari,
          minmay_mini_ossuary
D:5:      layout_layer_cave, nicolae_tso_carved_into_rock,
          general_overflow_altar, kennysheep_okawaru_gauntlet,
          minmay_temple_entry_sparse_star, serial_shops, shop,
          minmay_stone_trees_small, minmay_fire_ice_demons
D:6:      layout_cave_pods, kennysheep_mini, makhleb_blood_cavern_becter,
          gup_ossuary_entry_pyramid
D:7:      layout_cave_pools, elyvilon_altar_1, serial_shops,
          kennysheep_mini_moat
D:8:      layout_basic, kennysheep_little_box, cheibriados_altar_1,
          grunt_lair_entry_orc_guard_hut
D:9:      layout_long_grid, gammafunk_ghost_hydra_chop, uniq_gastronok,
          uniq_pikel
Lair:1:   lemuel_slime, layout_regular_city, gammafunk_ghost_berserking_beasts,
          infiniplex_staircase_pool_2, uniq_nergalle
Lair:2:   statuecave_lemuel, layout_regular_city, minmay_shoals_entry_centaurs,
          dummy_snake_entry, beast_lair_carwin_2, infiniplex_staircase_pool,
          serial_bayou_shore_a, uniq_maggie
Lair:3:   layout_hall_layers, lemuel_fruit_tree
Lair:4:   layout_cave_pods, minmay_stone_trees_large, beast_lair_carwin_10,
          lemuel_fruit_fields, uniq_josephine
Lair:5:   layout_gridlike, portal_ice_cave_entry_ice_beasts, grunt_megastairs_4

Skill      XL: |  1  2  3  4  5  6  7  8  9 10 11 12 |
---------------+-------------------------------------+-----
Fighting       | 1 2 3 5 6 7 8 9 |  9.9
Spellcasting   | 4 5 6 7 8 9 10 | 10.7
Dodging        | 3 |  3.3
Shields        | 1 2 4 |  4.0
Invocations    | 1 3 5 6 7 8 |  8.2
Long Blades    | 5 7 9 |  9.6
Evocations     | 3 |  3.8
Stealth        | |  1.5

Action                   |  1- 3 |  4- 6 |  7- 9 | 10-12 || total
-------------------------+-------+-------+-------+-------++-------
Melee: Dagger            |    44 |   206 |   226 |       ||   476
       Unarmed           |     2 |       |       |       ||     2
       Mace              |       |       |    59 |     2 ||    61
       Long sword        |       |       |     5 |    70 ||    75
       Falchion          |       |       |       |   328 ||   328
       Hand axe          |       |       |       |    35 ||    35
Throw: Dart              |       |       |       |     1 ||     1
 Cast: Freeze            |    38 |     7 |       |       ||    45
       Frozen Ramparts   |     3 |    22 |    34 |    75 ||   134
       Ozocubu's Armour  |       |     5 |    14 |    20 ||    39
       Shock             |       |       |     8 |       ||     8
       Passage of Golubr |       |       |       |     4 ||     4
       Hailstorm         |       |       |       |    13 ||    13
       Metabolic Englaci |       |       |       |     2 ||     2
Invok: Shadow Step       |       |       |     1 |       ||     1
Evoke: Wand              |       |     2 |     1 |     3 ||     6
  Use: Potion            |       |     1 |       |     1 ||     2
       Scroll            |       |     4 |     3 |    20 ||    27
 Stab: Sleeping          |     7 |     9 |     5 |     6 ||    27
       Distracted        |     1 |       |       |       ||     1
       Invisible         |       |       |       |     1 ||     1
Armor: Robe              |    26 |    32 |    45 |    10 ||   113
       Steam dragon scal |       |       |    13 |   142 ||   155
Dodge: Dodged            |    59 |   126 |   205 |   281 ||   671
Block: Other             |       |    39 |    35 |       ||    74
       Buckler           |       |       |   110 |   203 ||   313
       Reflection        |       |       |     6 |     6 ||    12
       Rpst.: Long sword |       |       |       |    15 ||    15
       Falchion          |       |       |       |    40 ||    40

Table legend: (Time is in decaauts)
 A = Elapsed time spent in this place.
 B = Non-inter-level travel time spent in this place.
 C = Inter-level travel time spent in this place.
 D = Time resting spent in this place.
 E = Time spent auto-exploring this place.
 F = Levels seen in this place.
 G = Mean time per level.
                   A        B        C        D        E       F      G
               +--------+--------+--------+--------+--------+-----+--------+
         Total |  22692 |  21784 |    908 |   9787 |   6328 |  14 | 1620.9 |
       Dungeon |  15002 |  14374 |    628 |   6206 |   4743 |   9 | 1666.9 |
          Lair |   7689 |   7410 |    279 |   3581 |   1585 |   5 | 1537.8 |
               +--------+--------+--------+--------+--------+-----+--------+

Top non-repeatable levels by time:
     D:5: 2954 daAuts
  Lair:2: 2417 daAuts
     D:4: 2076 daAuts
  Lair:1: 2027 daAuts
  Lair:3: 2022 daAuts
     D:8: 1843 daAuts
     D:6: 1715 daAuts
     D:1: 1584 daAuts
     D:2: 1539 daAuts
     D:7: 1303 daAuts
     D:3: 1273 daAuts
  Lair:4: 1205 daAuts
     D:9: 712 daAuts
  Lair:5: 16 daAuts
